 Dungeon Crawl Stone Soup version 0.29.1-2-gbd0b4ee654 (webtiles) character file.

Game seed: 4777180703967282250

46 GorkyZ the Chopper (level 3, -4/33 HPs)
             Began as a Minotaur Berserker on Nov 11, 2022.
             Was a Believer of Trog.
             Slain by Sigmund
             ... wielding a +0 scythe
              (10 damage)
             ... on level 2 of the Dungeon.
             The game lasted 00:07:05 (1644 turns).

GorkyZ the Chopper (Minotaur Berserker)             Turns: 1644, Time: 00:07:06

Health: -4/33      AC:  3    Str: 21    XL:     3   Next: 44%
Magic:  2/2        EV: 11    Int:  4    God:    Trog [**....]
Gold:   76         SH:  3    Dex: 11    Spells: 2/2 levels left

rFire   . . .      SeeInvis .   f - +0 war axe
rCold   . . .      Faith    .   k - +0 buckler
rNeg    . . .      Spirit   .   b - +0 animal skin
rPois   .          Reflect  .   (helmet restricted)
rElec   .          Harm     .   (no cloak)
rCorr   .          Rampage  .   (no gloves)
Will    .....                   n - +0 pair of boots {Stlth+}
Stlth   ++........              (no amulet)
HPRegen 0.11/turn               (no ring)
MPRegen 0.08/turn               (no ring)

@: no status effects
A: horns 2, retaliatory headbutt
a: Renounce Religion, Berserk, Trog's Hand


You were on level 2 of the Dungeon.
You worshipped Trog.
Trog was pleased with you.
You visited 1 branch of the dungeon, and saw 2 of its levels.

You collected 76 gold pieces.

Inventory:

Hand Weapons
 a - a +0 hand axe
 f - a +0 war axe (weapon)
 o - a +0 trident
Missiles
 h - 7 stones (quivered)
Armour
 b - a +0 animal skin (worn)
 k - a +0 buckler (worn)
 n - a +0 pair of boots of stealth (worn)
Jewellery
 c - a +6 ring of strength
 d - a ring of see invisible
Scrolls
 e - a scroll of vulnerability {unknown}
 g - a scroll of butterflies {unknown}
 i - 3 scrolls of identify {unknown}
 j - a scroll of noise {unknown}
Potions
 l - a potion of cancellation {unknown}
 m - a potion of berserk rage {unknown}


   Skills:
 + Level 4.0 Fighting
 + Level 5.0 Axes
 + Level 2.6 Armour
 + Level 2.3 Dodging


You had 2 spell levels left.
You didn't know any spells.
Your spell library was empty.

Dungeon Overview and Level Annotations

Branches:
Dungeon (2/15)

Altars:

Annotations:
D:2 Sigmund


Innate Abilities, Weirdness & Mutations

You have a pair of horns on your head.
You reflexively headbutt those who attack you in melee.


Message History

The jackal bites you but does no damage.
The jackal bites you.
You miss the jackal.
The jackal is severely wounded.
The jackal barely misses you.
The jackal bites you but does no damage.
You slash the jackal!
You kill the jackal!
Trog accepts your kill.
No target in view!
You see here a jackal corpse.
Sigmund the Dreaded comes into view.
He is wielding a +0 scythe.
You see here a scroll labelled LAMEGR DUEPE EVIM.
Sigmund is nearby!
Sigmund shouts!
Found a short sword.
Sigmund casts a spell.
Sigmund flickers and vanishes!
Deactivating autopickup; reactivate with Ctrl-A.
No target in view!
You hear some strange, mumbled words.
You are confused.
A kobold comes into view. It is wielding a +0 short sword.
You are too confused!
You are too confused!
You are too confused!
You are too confused!
You are too confused!
You miss something.
You hear some strange, mumbled words.
A magic dart appears from out of thin air!
The magic dart hits you! Something hits you. Something hits you!
* * * LOW HITPOINT WARNING * * *
A magic dart appears from out of thin air!
The magic dart hits you.
* * * LOW HITPOINT WARNING * * *
You feel less confused. Something hits you!
You die...

## ..## ... ###).
.... #K. # #{# .#
##.##..# #.@....#
#..###.# #..# #.#
#..# #)#
#?.###.#########
#..............####
#.####†#######.....
#....†.............
########.######.##.


You could see a kobold.

Vanquished Creatures
  An adder (D:2)
  A dart slug (D:1)
  A giant cockroach (D:2)
  7 jackals (D:2)
  3 kobolds
  2 quokkas
  6 ball pythons
  2 bats
  2 frilled lizards
  5 goblins
  4 rats
34 creatures vanquished.

Notes
Turn   | Place    | Note
-------+----------+-------------------------------------------
     0 | D:1      | GorkyZ the Minotaur Berserker began the quest for the Orb.
     0 | D:1      | Reached XP level 1. HP: 19/19 MP: 0/0
   428 | D:1      | Reached skill level 4 in Axes
   428 | D:1      | Reached XP level 2. HP: 14/27 MP: 1/1
  1443 | D:2      | Reached XP level 3. HP: 33/33 MP: 2/2
  1451 | D:2      | Reached ** piety under Trog
  1570 | D:2      | Reached skill level 5 in Axes
  1633 | D:2      | Noticed Sigmund
  1644 | D:2      | Slain by Sigmund

Illustrated notes

Levels and vault maps discovered:
D:1:      dpeg_arrival_court, layout_loops_corners
D:2:      layout_loops_ring, serial_shops, shop, uniq_sigmund

Skill      XL: |  1  2  3 |
---------------+----------+-----
Axes           | 4 5 |  5.0
Fighting       | 4 |  4.0
Armour         | |  2.6
Dodging        | |  2.3

Action                   || total
-------------------------++-------
Melee: War axe           ||    64
       Hand axe          ||     5
       Headbutt          ||     4
 Stab: Sleeping          ||     1
Armor: Animal skin       ||    16
Dodge: Dodged            ||    40
Block: Buckler           ||    11
